 Dungeon Crawl Stone Soup version 0.30-a0-190-g22c9a3c0ff (webtiles) character file.

Game seed: 6168432215393817067

3 Morbidden the Shooter (level 1, 17/17 HPs)
             Began as a Formicid Hunter on Oct 4, 2022.
             Quit the game on level 1 of the Dungeon.
             The game lasted 00:00:14 (177 turns).

Morbidden the Shooter (Formicid Hunter)              Turns: 177, Time: 00:00:14

Health: 17/17      AC:  3    Str: 15    XL:     1   Next: 55%
Magic:  1/1        EV: 12    Int:  8    God:
Gold:   0          SH:  0    Dex: 17    Spells: 0/0 levels left

rFire   . . .      SeeInvis +    a - +0 shortbow
rCold   . . .      Faith    .    (no shield)
rNeg    . . .      Spirit   .    c - +0 leather armour
rPois   .          Reflect  .    (helmet unavailable)
rElec   .          Harm     .    (no cloak)
rCorr   .          Rampage  .    (no gloves)
Will    .....                    (no boots)
Stlth   ++........               (no amulet)
HPRegen 0.22/turn                (no ring)
MPRegen 0.07/turn                (no ring)

@: no status effects
A: permanent stasis, dig shafts and tunnels, antennae 3, four strong arms
a: Dig, Shaft Self


You were on level 1 of the Dungeon.
You visited 1 branch of the dungeon, and saw 1 of its levels.

Inventory:

Hand Weapons
 a - a +0 shortbow (weapon)
Armour
 c - a +0 leather armour (worn)
Scrolls
 b - 2 scrolls of immolation
 d - a scroll of magic mapping {unknown}
 f - 3 scrolls of identify {unknown}
Potions
 e - a potion of curing {unknown}


   Skills:
 * Level 2.4 Fighting
 * Level 4.0 Ranged Weapons
 * Level 1.7 Dodging
 + Level 1.2 Stealth


You couldn't memorise any spells.
You didn't know any spells.
Your spell library was empty.

Dungeon Overview and Level Annotations

Branches:
Dungeon (1/15)

Altars:

Shops:
D:1 :


Innate Abilities, Weirdness & Mutations

You cannot be hasted, slowed, berserked, paralysed or teleported.
You can dig through walls and to a lower floor.
You have a pair of large antennae on your head. (SInv)
Your four strong arms can wield two-handed weapons with a shield.


Message History

A rat comes into view.
You shoot an arrow. The arrow hits the rat!
You kill the rat!
You sense a monster nearby.
No target in view!
A frilled lizard comes into view.
Found a scroll labelled ARANGI MOOSITHA.
You shoot an arrow. The arrow hits the frilled lizard.
You kill the frilled lizard!
No target in view!
f - a scroll labelled ARANGI MOOSITHA You sense a monster nearby.
No target in view!
A ball python comes into view.
The ball python hisses angrily.
You see here 2 scrolls labelled ARANGI MOOSITHA.
You shoot an arrow.
The arrow closely misses the ball python.
The ball python closely misses you. The ball python barely misses you.
A ball python is nearby!
You shoot an arrow. The arrow hits the ball python!
You kill the ball python!
f - 3 scrolls labelled ARANGI MOOSITHA (gained 2) Key pressed, stopping explore.
No target in view!
No target in view!
You see here a frilled lizard corpse.
You see here a rat corpse.
Found 4 stones.
No target in view!
Found a stone staircase leading down.
No target in view!
Found Dentokh's Book Shop.
No target in view!
There is an entrance to Dentokh's Book Shop here.
You sense a monster nearby.
A dart slug and a ball python come into view.
There are monsters nearby!
Unknown command.
Are you sure you want to abandon this character and quit the game? (Confirm with "yes".)

# ## ##. .### ###..
..... ##....
......######### #..#..
..... ........# #.####
......##......# #.####
.......@......# #.#.#.
.......#......# #.##..
.......#......# ##.#..#
.##....#......####..#.##
.....S#.......#...(#.##
###....#.........#..#..#
#...w#######.∩.#..##.#
####. #....>.##.#
#.##...#<..


You could see a dart slug (asleep) and a ball python (asleep).

Vanquished Creatures
  A ball python (D:1)
  A bat (D:1)
  A frilled lizard (D:1)
  2 rats (D:1)
5 creatures vanquished.

Notes
Turn   | Place    | Note
-------+----------+-------------------------------------------
     0 | D:1      | Morbidden the Formicid Hunter began the quest for the Orb.
     0 | D:1      | Reached XP level 1. HP: 16/16 MP: 1/1
   160 | D:1      | Found Dentokh's Book Shop.
   177 | D:1      | Quit the game

Illustrated notes

Levels and vault maps discovered:
D:1:      dpeg_arrival_round_a, layout_basic, serial_shops, nicolae_shop_stone

Action                   || total
-------------------------++-------
 Fire: Shortbow          ||    10
Dodge: Dodged            ||     5

Table legend: (Time is in decaauts)
 A = Elapsed time spent in this place.
 B = Non-inter-level travel time spent in this place.
 C = Inter-level travel time spent in this place.
 D = Time resting spent in this place.
 E = Time spent auto-exploring this place.
 F = Levels seen in this place.
 G = Mean time per level.
                   A        B        C        D        E       F      G
               +--------+--------+--------+--------+--------+-----+--------+
         Total |    180 |    180 |      0 |      0 |    148 |   1 |  180.0 |
       Dungeon |    180 |    180 |      0 |      0 |    148 |   1 |  180.0 |
               +--------+--------+--------+--------+--------+-----+--------+

Top non-repeatable levels by time:
     D:1: 180 daAuts
